 Dungeon Crawl Stone Soup version 0.28-a0-10-g964c8b829e (webtiles) character file.

Game seed: 3593745187518176330

340 wakim the Shield-Bearer (level 6, 0/49 HPs)
             Began as a Formicid Fighter on July 25, 2021.
             Succumbed to a water moccasin's poison
             ... on level 4 of the Dungeon.
             The game lasted 00:10:08 (3688 turns).

wakim the Shield-Bearer (Formicid Fighter)          Turns: 3688, Time: 00:10:09

Health: 0/49       AC:  7    Str: 22    XL:     6   Next: 86%
Magic:  6/6        EV:  8    Int:  8    God:
Gold:   162        SH: 10    Dex: 10    Spells: 5/5 levels left

rFire   . . .      SeeInvis +   a - +1 long sword
rCold   . . .      Faith    .   c - +0 kite shield
rNeg    . . .      Spirit   .   b - +0 scale mail
rPois   .          Reflect  .   (helmet unavailable)
rElec   .          Harm     .   (no cloak)
rCorr   .          Rampage  .   (no gloves)
Will    .....                   (no boots)
Stlth   ..........              (no amulet)
HPRegen 0.16/turn               (no ring)
MPRegen 0.10/turn               (no ring)

@: mighty, lethally poisoned (0 -> -35)
A: permanent stasis, dig shafts and tunnels, antennae 3, four strong arms
a: Dig, Shaft Self


You were on level 4 of the Dungeon.
You visited 1 branch of the dungeon, and saw 4 of its levels.

You collected 162 gold pieces.

Inventory:

Hand Weapons
 a - a +1 long sword (weapon)
Missiles
 d - 30 sling bullets
 j - 2 boomerangs
Armour
 b - a +0 scale mail (worn)
 c - a +0 kite shield (worn)
Wands
 v - a wand of flame (1)
Scrolls
 f - a scroll of holy word {unknown}
Potions
 g - a potion of curing {unknown}
 h - a potion of mutation {unknown}
 G - a potion of flight


   Skills:
 + Level 4.7 Fighting
 + Level 3.7 Long Blades
 + Level 4.7 Armour
 * Level 5.5 Shields


You had 5 spell levels left.
You didn't know any spells.
Your spell library contained the following spells:

 Spells                   Type           Power      Damage    Failure   Level
 Beastly Appendage        Tmut           0%         N/A       93%         1
 Wereblood                Tmut           0%         N/A       98%         2
 Spider Form              Tmut/Pois      0%         N/A       100%        3
 Fireball                 Conj/Fire      0%         3d3       100%        5
 Iskenderun's Battlesphe  Conj           0%         2d6       100%        5
 Conjure Ball Lightning   Conj/Air       0%         3x3d6     100%        6
 Orb of Destruction       Conj           0%         N/A       100%        7


Dungeon Overview and Level Annotations

Branches:
Dungeon (4/15)
 Temple: D:4-7

Altars:

Shops:
D:1 [

Portals:
Abyss: D:3

Annotations:
D:3 2 transporters, ma3's ghost, amateur VSFi


Innate Abilities, Weirdness & Mutations

You cannot be hasted, slowed, berserked, paralysed or teleported.
You can dig through walls and to a lower floor.
You have a pair of large antennae on your head. (SInv)
Your four strong arms can wield two-handed weapons with a shield.


Message History

You slash the water moccasin!
The water moccasin is heavily wounded.
You block the water moccasin's attack. The water moccasin bites you!
* * * LOW HITPOINT WARNING * * *
You barely miss the water moccasin.
The water moccasin is heavily wounded.
The water moccasin bites you.
* * * LOW HITPOINT WARNING * * *
The water moccasin bites you.
* * * LOW HITPOINT WARNING * * *
You are lethally poisoned!
The water moccasin poisons you!
You closely miss the water moccasin.
The water moccasin is heavily wounded.
* * * LOW HITPOINT WARNING * * *
You feel very sick. The water moccasin bites you.
* * * LOW HITPOINT WARNING * * *
You are more poisoned.
The water moccasin poisons you!
The water moccasin bites you but does no damage.
You feel much better.
You feel very sick. The water moccasin barely misses you.
You feel very mighty all of a sudden.
You feel very sick. You block the water moccasin's attack.
You slash the water moccasin!
The water moccasin is severely wounded.
You feel very sick. The water moccasin bites you!
* * * LOW HITPOINT WARNING * * *
You are lethally poisoned!
The water moccasin poisons you! The water moccasin bites you.
* * * LOW HITPOINT WARNING * * *
You are more poisoned.
The water moccasin poisons you!
You miss the water moccasin.
The water moccasin is severely wounded.
You die...

#.......#########.#
#..(....# #.#
#.......# #.......S
#.......# #.#####.#
#.....).# #.#
#.......# #.#
#.......# #.#
#########....# #.#
#<.....@S....# #.#
################
#.. ...
##.####.....
#..<...S....
#...#.......
##.##.###+## #. .#
## ##


You could see a water moccasin.

Vanquished Creatures
  A scorpion (D:3)
  A bullfrog (D:4)
  Natasha (thrice) (D:3)
  4 adders
  A gnoll (D:1)
  3 dart slugs
  3 orcs (D:3)
  6 bats
  8 endoplasms
  3 giant cockroaches
  8 hobgoblins
  9 jackals
  5 quokkas
  6 ball pythons
  2 frilled lizards
  12 goblins
  6 kobolds
  10 rats
91 creatures vanquished.

Vanquished Creatures (others)
  A plant (D:3)
1 creature vanquished.

Grand Total: 92 creatures vanquished

Notes
Turn   | Place    | Note
-------+----------+-------------------------------------------
     0 | D:1      | wakim the Formicid Fighter began the quest for the Orb.
     0 | D:1      | Reached XP level 1. HP: 18/18 MP: 1/1
   105 | D:1      | Reached XP level 2. HP: 24/24 MP: 2/2
   107 | D:1      | Found a faded altar of an unknown god.
   162 | D:1      | Reached XP level 3. HP: 28/29 MP: 3/3
   241 | D:1      | Reached skill level 4 in Shields
   698 | D:1      | Found Quzuek's Antique Armour Emporium.
   864 | D:1      | Reached XP level 4. HP: 32/37 MP: 4/4
  1148 | D:1      | You fall into a shaft and drop 1 floor!
  2106 | D:3      | Noticed a scorpion
  2224 | D:3      | Reached XP level 5. HP: 41/42 MP: 5/5
  2246 | D:3      | Found a one-way gate to the infinite horrors of the Abyss.
  2246 | D:3      | Noticed ma3's ghost (amateur VSFi)
  2248 | D:3      | Found a transporter.
  2257 | D:3      | Noticed a small abomination
  2267 | D:3      | Found a transporter.
  2293 | D:3      | Noticed a small abomination
  2684 | D:3      | Noticed Natasha
  2692 | D:3      | Killed Natasha
  2750 | D:3      | Reached XP level 6. HP: 29/49 MP: 6/6
  2920 | D:3      | Reached skill level 5 in Shields
  3231 | D:4      | Noticed a water moccasin
  3242 | D:3      | Noticed Natasha
  3255 | D:3      | Killed Natasha
  3444 | D:3      | Noticed Natasha
  3454 | D:3      | Killed Natasha
  3688 | D:4      | Succumbed to a water moccasin's poison

Illustrated notes

Levels and vault maps discovered:
D:1:      onia_arrival_handbag, layout_basic,
          chequers_ecumenical_altar_simple_redux, serial_shops,
          nicolae_diamond_shop
D:2:      layout_rooms, serial_bayou_pond_a
D:3:      corexii_shack_village, layout_basic, gammafunk_ghost_abyssal_escape,
          st_stairs_11, uniq_natasha
D:4:      layout_basic, serial_shops, shop

Skill      XL: |  1  2  3  4  5  6 |
---------------+-------------------+-----
Shields        | 4 5 |  5.5
Armour         | 4 |  4.7
Fighting       | 4 |  4.7
Long Blades    | 3 |  3.7

Action                   |  1- 3 |  4- 6 || total
-------------------------+-------+-------++-------
Melee: Long sword        |    87 |   213 ||   300
 Abil: Dig               |       |     7 ||     7
  Use: Scroll            |       |     4 ||     4
       Potion            |       |     2 ||     2
Armor: Scale mail        |    34 |   101 ||   135
Dodge: Dodged            |    26 |    80 ||   106
Block: Kite shield       |    49 |   119 ||   168
       Rpst.: Long sword |    13 |    26 ||    39

Table legend: (Time is in decaauts)
 A = Elapsed time spent in this place.
 B = Non-inter-level travel time spent in this place.
 C = Inter-level travel time spent in this place.
 D = Time resting spent in this place.
 E = Time spent auto-exploring this place.
 F = Levels seen in this place.
 G = Mean time per level.
                   A        B        C        D        E       F      G
               +--------+--------+--------+--------+--------+-----+--------+
         Total |   3817 |   3600 |    217 |    110 |   2515 |   4 |  954.2 |
       Dungeon |   3817 |   3600 |    217 |    110 |   2515 |   4 |  954.2 |
               +--------+--------+--------+--------+--------+-----+--------+

Top non-repeatable levels by time:
     D:1: 1523 daAuts
     D:3: 1500 daAuts
     D:2: 668 daAuts
     D:4: 124 daAuts
